 Dungeon Crawl Stone Soup version 0.29-a0-559-g359e09b9d1 (webtiles) character file.

Game seed: 13471755913086631963

3220 mistymad the Grappler (level 9, -10/76 HPs)
             Began as a Vine Stalker Fighter on June 9, 2022.
             Was a Priest of Trog.
             Mangled by a tengu warrior
             ... wielding a +0 glaive
              (15 damage)
             ... on level 7 of the Dungeon.
             The game lasted 00:20:23 (5011 turns).

mistymad the Grappler (Vine Stalker Fighter)        Turns: 5011, Time: 00:20:23

Health: -10/76     AC:  7    Str: 22    XL:     9   Next: 97%
Magic:  0/19       EV:  9    Int:  3    God:    Trog [***...]
Gold:   317        SH:  7    Dex: 22    Spells: 8/8 levels left

rFire   . . .      SeeInvis .     - Unarmed
rCold   . . .      Faith    .   b - +0 buckler
rNeg    . . .      Spirit   +   a - +0 scale mail
rPois   .          Reflect  .   (no helmet)
rElec   .          Harm     .   (no cloak)
rCorr   +          Rampage  .   (no gloves)
Will    ++++.                   A - +0 pair of boots
Stlth   ..........              (no amulet)
HPRegen 2.02/turn               q - ring of willpower
MPRegen 0.16/turn               G - ring of the Mantidfly {rCorr MP+9 Int-5 Dex+7 Stlth+}

@: berserking (expiring), strong-willed, regenerating, very quick
A: fangs 3, regeneration 1, magic shield, antimagic bite, no potion heal 2
a: Renounce Religion, Berserk, Trog's Hand


You were on level 7 of the Dungeon.
You worshipped Trog.
Trog was most pleased with you.
You visited 1 branch of the dungeon, and saw 7 of its levels.

You collected 317 gold pieces.

Inventory:

Missiles
 p - 9 poisoned darts (quivered)
 C - a throwing net
Armour
 a - a +0 scale mail (worn)
 b - a +0 buckler (worn)
 A - a +0 pair of boots (worn)
Jewellery
 q - a ring of willpower (left hand)
 v - a +6 ring of dexterity
 z - a ring of protection from cold
 G - the ring of the Mantidfly (right hand) {rCorr MP+9 Int-5 Dex+7 Stlth+}
   (You found it on level 6 of the Dungeon)

   [ring of magical power]

   Int:       It affects your intelligence (-5).
   Dex:       It affects your dexterity (+7).
   MP:        It affects your magic capacity (+9).
   rCorr:     It protects you from acid and corrosion.
   Stlth:     It makes you more stealthy.
Wands
 J - a wand of iceblast (4)
Scrolls
 e - 4 scrolls of teleportation {unknown}
 h - 2 scrolls of poison {unknown}
 j - 2 scrolls of enchant weapon {unknown}
 l - a scroll of fear {unknown}
 o - 12 scrolls of identify {unknown}
 r - 2 scrolls of torment {unknown}
 s - a scroll of amnesia {unknown}
 t - a scroll of acquirement {unknown}
 u - a scroll of vulnerability {unknown}
 x - 2 scrolls of blinking {unknown}
 y - a scroll of fog {unknown}
 B - 2 scrolls of immolation {unknown}
 E - a scroll of noise {unknown}
 I - a scroll of magic mapping {unknown}
Potions
 c - 6 potions of might
 d - 2 potions of flight {unknown}
 f - 2 potions of attraction {unknown}
 g - 2 potions of degeneration {unknown}
 i - a potion of haste {unknown}
 k - 4 potions of brilliance {unknown}
 m - 3 potions of ambrosia {unknown}
 n - a potion of curing {unknown}
 w - a potion of lignification {unknown}
 D - 3 potions of heal wounds {unknown}
 F - a potion of cancellation {unknown}
 H - a potion of resistance {unknown}


   Skills:
 + Level 7.8 Fighting
 + Level 3.0 Armour
 - Level 7.4 Shields
 + Level 8.1 Unarmed Combat


You had 8 spell levels left.
You didn't know any spells.
Your spell library was empty.

Dungeon Overview and Level Annotations

Branches:
Dungeon (7/15)             Temple (0/1) D:4

Altars:
Cheibriados
Dithmenos
Fedhas
Makhleb
Okawaru
Sif Muna
Trog
Yredelemnul
Beogh

Shops:
D:2 =


Innate Abilities, Weirdness & Mutations

You have razor-sharp teeth.
Your natural rate of healing is unusually fast.
When hurt, damage is shared between your health and your magic reserves.
Your bite disrupts and absorbs the magic of your enemies.
Potions cannot restore your health.


Message History

You take 1 damage, and have 55/76 hp.
You now have 12/19 mp.
You hit the orc. The orc hits you but does no damage.
The boulder beetle bites you!!
The tengu warrior hits you from afar with a +0 glaive!
You take 25 damage, and have 30/76 hp.
MASSIVE DAMAGE!!
You now have 6/19 mp.
You hit the orc.
You feel the power of Trog in you as your rage grows.
You kill the orc!
Trog accepts your kill.
The boulder beetle leaps!
The tengu warrior hits you with a +0 glaive!
* * * LOW HITPOINT WARNING * * *
The tengu warrior barely misses you. The tengu warrior claws you.
* * * LOW HITPOINT WARNING * * *
There is an open door, spattered with blood here.
Things that are here:
a +0 short sword; 2 boomerangs; a +0 ring mail You take 14 damage, and have 17/76 hp.
You now have 3/19 mp.
You completely miss the tengu warrior. Your bite misses the tengu warrior.
You barely miss the tengu warrior. You bite the tengu warrior!
You drain its power.
You feel invigorated.
The tengu warrior hits you with a +0 glaive!
* * * LOW HITPOINT WARNING * * *
The tengu warrior pecks you.
* * * LOW HITPOINT WARNING * * *
The tengu warrior claws you but does no damage.
You take 8 damage, and have 10/76 hp.
You regained 8 mp, and now have 11/19 mp.
You punch the tengu warrior! Your bite misses the tengu warrior.
The tengu warrior hits you with a +0 glaive!!
* * * LOW HITPOINT WARNING * * *
The tengu warrior pecks you but does no damage.
You block the tengu warrior's attack.
You take 8 damage, and have 2/76 hp.
You now have 2/19 mp.
Unknown command.
You hit the tengu warrior.
You regained 2 hp, and now have 4/76 hp.
You punch the tengu warrior!
The tengu warrior hits you with a +0 glaive!
You die...

....#########.........†.......
############..................
))))..........................
####)#########................
...♣)♣....♣♣#######...........
≈≈≈≈≈≈≈≈≈≈.♣#.....#...........
≈≈†≈≈≈≈≈≈≈≈.#.♣♣♣.#........#..
≈≈≈≈≈≈≈≈≈≈.♣#..B..#.......#...
...♣)♣....♣♣#.##@##
###♣.♣#######.#.Q#
.♣♣..)♣♣...♣#.#..#
♣..♣♣♣..♣♣♣.#.#$## ♣..♣ ♣..♣
♣...#+ ♣..♣♣♣..♣♣♣.###
.♣♣...♣♣...♣# ###♣.♣######
.........♣


You could see a boulder beetle and a tengu warrior.

Vanquished Creatures
  Pikel (D:7)
  Grinder (D:3)
  A wyvern (D:7)
  A water moccasin (D:6)
  A black bear (D:5)
  4 ogres
  A centaur (D:7)
  2 phantoms
  A kobold brigand (D:7)
  2 bullfrogs (D:7)
  A scorpion (D:7)
  A gnoll sergeant (D:6)
  A water moccasin zombie (D:5)
  7 wights (D:7)
  An electric eel (D:7)
  2 bullfrog zombies (D:5)
  A gnoll shaman (D:7)
  3 hounds
  6 jellies
  3 orc priests
  An iron imp (D:3)
  5 orc wizards
  2 scorpion zombies (D:5)
  2 iguanas (D:6)
  8 gnolls
  6 adders
  A white imp (D:7)
  An ufetubus (D:5)
  3 worms
  5 dart slugs
  14 orcs
  17 ball pythons
  7 endoplasms
  A giant cockroach (D:2)
  3 goblins
  8 hobgoblins
  3 jackals (D:5)
  5 kobolds
  6 quokkas
  2 bats
  4 frilled lizards
  3 rats (D:1)
148 creatures vanquished.

Vanquished Creatures (others)
  2 fungi (D:7)
  3 plants (D:3)
5 creatures vanquished.

Grand Total: 153 creatures vanquished

Notes
Turn   | Place    | Note
-------+----------+-------------------------------------------
     0 | D:1      | mistymad the Vine Stalker Fighter began the quest for the
                  | Orb.
     0 | D:1      | Reached XP level 1. HP: 11/11 MP: 2/2
    96 | D:1      | You fall into a shaft and drop 1 floor!
   147 | D:1      | Reached XP level 2. HP: 9/16 MP: 3/3
   393 | D:1      | Found a faded altar of an unknown god.
   398 | D:1      | Prayed at the altar of an unknown god.
   398 | D:1      | Became a worshipper of Trog the Wrathful
   398 | D:1      | Reached * piety under Trog
   810 | D:1      | Reached XP level 3. HP: 16/20 MP: 4/4
  1491 | D:2      | Found Ruxt's Jewellery Shop.
  2141 | D:3      | Found a snail-covered altar of Cheibriados.
  2156 | D:3      | Reached skill level 3 in Unarmed Combat
  2156 | D:3      | Gained mutation: Your natural rate of healing is unusually
                  | fast. [Vine Stalker growth]
  2156 | D:3      | Reached XP level 4. HP: 17/24 MP: 5/5
  2280 | D:3      | Reached ** piety under Trog
  2534 | D:3      | Reached XP level 5. HP: 28/28 MP: 6/6
  2668 | D:3      | Noticed Grinder
  2676 | D:3      | Killed Grinder
  2677 | D:3      | Reached skill level 4 in Unarmed Combat
  2677 | D:3      | Reached XP level 6. HP: 33/33 MP: 7/7
  2939 | D:4      | Found a shimmering blue altar of Sif Muna.
  3049 | D:4      | Reached XP level 7. HP: 17/38 MP: 5/8
  3111 | D:4      | Found a staircase to the Ecumenical Temple.
  3440 | D:5      | Entered Level 5 of the Dungeon
  3446 | D:5      | Reached skill level 5 in Fighting
  3446 | D:5      | Reached skill level 5 in Shields
  3446 | D:5      | Reached skill level 5 in Unarmed Combat
  3687 | D:5      | Found a blossoming altar of Fedhas.
  3848 | D:5      | Gained mutation: You have razor-sharp teeth. [Vine Stalker
                  | growth]
  3848 | D:5      | Reached XP level 8. HP: 44/44 MP: 9/9
  3861 | D:5      | Reached *** piety under Trog
  3863 | D:5      | Found a basalt altar of Yredelemnul.
  4124 | D:6      | Reached skill level 6 in Unarmed Combat
  4249 | D:6      | Identified the ring of the Mantidfly {rCorr MP+9 Int-5
                  | Dex+7 Stlth+}
  4487 | D:6      | Found an iron altar of Okawaru.
  4528 | D:6      | Found a shadowy altar of Dithmenos.
  4529 | D:6      | Found a burning altar of Makhleb.
  4668 | D:7      | Noticed Pikel
  4680 | D:7      | Killed Pikel
  4681 | D:7      | Reached skill level 7 in Unarmed Combat
  4681 | D:7      | Reached XP level 9. HP: 45/49 MP: 10/10
  4868 | D:7      | Reached skill level 8 in Unarmed Combat
  4997 | D:7      | Noticed a tengu warrior
  4997 | D:7      | Noticed a boulder beetle
  5009 | D:7      | HP: 2/76 [tengu warrior/+0 glaive (9)]
  5011 | D:7      | Mangled by a tengu warrior

Illustrated notes

Levels and vault maps discovered:
D:1:      kennysheep_arrival_seaside, layout_loops_ring,
          hellmonk_ecumenical_altar_defaced_shrine, st_stairs_3,
          hangedman_abyss_or_decor_stabs, minmay_misc_feat_x, minmay_surrounded
D:2:      layout_basic, serial_shops, shop_statue
D:3:      layout_loops_ring, slow_altar_1, minmay_misc_feat_enclosed,
          minmay_shallow_snake_nest, uniq_grinder
D:4:      layout_cave_pools, lemuel_tele_altar, minmay_temple_entry_grid,
          minmay_starry_boxes
D:5:      layout_rooms, nicolae_yredelemnul_corpse_copse,
          fedhas_altar_fruit_tree
D:6:      layout_rooms, kennysheep_mini, mainiacjoe_overflow_divided_tiny,
          amcnicky_mini_corridor_feature
D:7:      nzn_winding_woodlands_three_and_one
          [nzn_winding_woodlands_5x15_river_crossing,
          nzn_winding_woodlands_5x15_zeroes, nzn_winding_woodlands_5x15_eye,
          nzn_winding_woodlands_center_lodge], layout_rooms,
          mainiacjoe_overflow_boulevard, minmay_fire_ice_demons, uniq_pikel

Skill      XL: |  1  2  3  4  5  6  7  8  9 |
---------------+----------------------------+-----
Fighting       | 3 4 5 6 7 |  7.8
Shields        | 3 4 5 6 7 |  7.4
Unarmed Combat | 3 4 5 7 8 |  8.1
Armour         | 3 |  3.0

Action                   |  1- 3 |  4- 6 |  7- 9 || total
-------------------------+-------+-------+-------++-------
Melee: Unarmed           |   107 |    73 |   256 ||   436
       Bite              |    29 |    22 |    85 ||   136
Invok: Berserk           |     1 |     4 |    10 ||    15
       Trog's Hand       |       |     1 |     5 ||     6
Evoke: Wand              |       |       |     1 ||     1
Armor: Scale mail        |    42 |    16 |    74 ||   132
Dodge: Dodged            |    40 |    26 |    88 ||   154
Block: Buckler           |    13 |    16 |    91 ||   120

Table legend: (Time is in decaauts)
 A = Elapsed time spent in this place.
 B = Non-inter-level travel time spent in this place.
 C = Inter-level travel time spent in this place.
 D = Time resting spent in this place.
 E = Time spent auto-exploring this place.
 F = Levels seen in this place.
 G = Mean time per level.
                   A        B        C        D        E       F      G
               +--------+--------+--------+--------+--------+-----+--------+
         Total |   5107 |   4885 |    222 |      0 |   2674 |   7 |  729.6 |
       Dungeon |   5107 |   4885 |    222 |      0 |   2674 |   7 |  729.6 |
               +--------+--------+--------+--------+--------+-----+--------+

Top non-repeatable levels by time:
     D:1: 1478 daAuts
     D:3: 716 daAuts
     D:5: 693 daAuts
     D:2: 666 daAuts
     D:4: 619 daAuts
     D:6: 574 daAuts
     D:7: 358 daAuts
